AoeStats
← Lord Housed von Idleton

Arena

510158563Analyzed
4v4 RM · 2d ago on Sep 29, 2026· 46m 43s· 8 players
Game mode
Random Map
Map size
Large (8 player)
Population
200
Speed
Normal
Resources
Standard
Victory
Conquest
Starting age
Dark Age
Ending age
Imperial Age
RankedLock teamsTeams togetherTeam positionsShared explorationLock speedFull tech treeHidden civsTurbo modeCheats
Victory
Defeat
🇨🇦 Varangians · Canada
1006
+18
🇹🇼 Franks · Taiwan
974
+19
🇺🇸 Romans · United States
961
+20
🇹🇷 Mongols · Türkiye
891
+22
🇩🇪 Mongols · Germany
1097
-21
🇩🇪 Khmer · Germany
1066
-21
🇩🇪 Aztecs · Germany
1061
-21
🇩🇪 Japanese · Germany
940
-16
miltiades0490
10:35 Feudal Age
11:46 Double-Bit Axe
14:17 Castle Age
12:35 Horse Collar
17:46 Bow Saw
22:03 Gold Mining
22:29 Heavy Plow
24:43 Fletching
24:54 Scale Mail Armor
25:57 Masonry
30:06 Imperial Age
27:22 Loom
28:14 Wheelbarrow
27:25 Town Watch
29:23 Chain Mail Armor
29:18 Forging
29:04 Bodkin Arrow
29:32 Ballistics
29:55 Squires
29:32 Man-at-Arms
30:50 Town Patrol
30:16 Long Swordsman
30:18 Pikeman
30:37 Capped Ram
31:49 Conscription
32:31 Gold Shaft Mining
31:47 Stone Mining
31:30 Siege Ram
31:53 Legionary
33:25 Architecture
33:56 Chemistry
34:28 Comitatenses
34:43 Halberdier
37:07 Crop Rotation
37:17 Iron Casting
40:57 Coinage
41:33 Blast Furnace
42:18 Banking
41:49 Caravan
42:00 Guilds
43:43 Hand Cart
YJHAN
0:44 Loom
11:03 Feudal Age
12:13 Town Watch
12:18 Double-Bit Axe
17:30 Castle Age
18:19 Husbandry
18:22 Scale Mail Armor
20:38 Forging
23:39 Scale Mail Armor
23:47 Scale Barding Armor
24:04 Fletching
26:33 Wheelbarrow
27:20 Padded Archer Armor
27:23 Gold Mining
27:10 Elite Skirmisher
28:18 Bodkin Arrow
29:40 Iron Casting
32:59 Gold Shaft Mining
34:06 Pikeman
34:47 Squires
35:09 Murder Holes
38:41 Imperial Age
36:30 Hand Cart
39:50 Elite Throwing Axeman
40:52 Conscription
44:34 Blast Furnace
43:55 Chain Barding Armor
43:02 Cavalier
45:05 Light Cavalry
46:25 Town Patrol
sebas4fr
11:21 Feudal Age
11:23 Loom
15:50 Castle Age
14:37 Double-Bit Axe
14:40 Horse Collar
16:47 Wheelbarrow
23:40 Hand Cart
23:11 Town Watch
26:18 Bow Saw
26:33 Scale Mail Armor
26:43 Forging
27:31 Chain Mail Armor
27:13 Gold Mining
27:13 Stone Mining
27:30 Fletching
31:11 Imperial Age
29:36 Gambesons
29:52 Squires
29:39 Arson
29:15 Pikeman
30:52 Stone Shaft Mining
31:25 Capped Ram
31:37 Elite Varangian Guard
33:17 Conscription
33:43 Iron Casting
33:38 Plate Mail Armor
34:38 Fortified Wall
34:40 Masonry
35:33 Chemistry
34:54 Ballistics
35:51 Blast Furnace
35:51 Siege Ram
37:54 Bodkin Arrow
37:23 Gothikon
38:05 Halberdier
40:23 Architecture
39:34 Treadmill Crane
40:03 Siege Engineers
41:51 Onager
44:02 Scale Barding Armor
43:21 Vendel Legacy
46:03 Two-Man Saw
45:05 Heavy Plow
Feed Me
5:14 Loom
10:22 Feudal Age
11:12 Horse Collar
11:22 Double-Bit Axe
17:34 Castle Age
20:14 Heavy Plow
20:31 Bow Saw
25:27 Husbandry
25:38 Bloodlines
25:50 Bloodlines
30:24 Imperial Age
28:06 Stone Mining
28:13 Town Watch
29:59 Stone Shaft Mining
29:32 Caravan
29:37 Fletching
29:48 Padded Archer Armor
29:58 Padded Archer Armor
31:13 Ballistics
32:05 Chemistry
31:24 Forging
31:20 Scale Barding Armor
32:17 Wheelbarrow
32:28 Light Cavalry
33:47 Iron Casting
33:48 Conscription
36:01 Hussar
37:44 Elite Skirmisher
38:29 Thumb Ring
39:39 Blast Furnace
39:00 Chain Barding Armor
40:34 Bodkin Arrow
40:54 Leather Archer Armor
45:03 Hand Cart
45:32 Heavy Camel Rider
46:34 Town Patrol
subaktiv
10:42 Feudal Age
14:42 Castle Age
12:38 Double-Bit Axe
12:37 Horse Collar
16:07 Bow Saw
16:13 Heavy Plow
19:19 Town Watch
22:16 Wheelbarrow
21:28 Loom
22:05 Stone Mining
22:06 Gold Mining
25:26 Hand Cart
29:40 Imperial Age
27:14 Town Patrol
27:31 Fletching
27:41 Padded Archer Armor
28:43 Ballistics
28:34 Masonry
28:21 Bodkin Arrow
29:35 Gold Shaft Mining
29:36 Stone Shaft Mining
29:34 Leather Archer Armor
29:38 Bloodlines
29:29 Husbandry
31:36 Bracer
32:48 Chemistry
32:26 Conscription
32:29 Drill
32:25 Onager
34:58 Scale Barding Armor
35:04 Forging
34:17 Elite Mangudai
38:52 Chain Barding Armor
39:07 Iron Casting
39:13 Light Cavalry
Lord Housed von Idleton
11:16 Feudal Age
14:10 Castle Age
12:10 Double-Bit Axe
12:18 Horse Collar
16:38 Loom
17:41 Bow Saw
22:00 Wheelbarrow
24:14 Hand Cart
27:51 Imperial Age
27:18 Pikeman
28:13 Halberdier
29:13 Gold Mining
29:16 Stone Mining
29:36 Heavy Plow
29:05 Light Cavalry
29:57 Bloodlines
29:53 Hussar
30:42 Scale Barding Armor
30:48 Forging
30:39 Scale Mail Armor
31:06 Husbandry
34:53 Man-at-Arms
35:21 Arson
35:25 Heavy Scorpion
38:01 Double Crossbow
38:00 Fletching
38:27 Chain Mail Armor
38:33 Chain Barding Armor
38:49 Iron Casting
44:20 Ballistics
44:06 Siege Engineers
buschdl
11:07 Feudal Age
9:23 Loom
16:43 Castle Age
15:20 Wheelbarrow
14:33 Town Watch
15:14 Double-Bit Axe
17:46 Pikeman
20:00 Bow Saw
19:32 Horse Collar
25:55 Heavy Plow
26:23 Forging
28:01 Bloodlines
28:07 Husbandry
28:55 Squires
30:26 Iron Casting
29:58 Light Cavalry
33:07 Hand Cart
32:55 Town Patrol
39:03 Redemption
Skirmblaster
10:55 Feudal Age
15:17 Castle Age
13:49 Double-Bit Axe
14:36 Scale Mail Armor
14:31 Loom
16:39 Forging
18:39 Wheelbarrow
21:57 Fervor
23:22 Squires
22:42 Pikeman
24:12 Horse Collar
24:55 Bow Saw
26:16 Heavy Plow
28:58 Town Watch
29:41 Stone Mining
32:23 Imperial Age
30:45 Hand Cart
30:33 Town Patrol
30:42 Arson
30:18 Eagle Warrior
30:45 Treadmill Crane
31:03 Gold Mining
32:53 Iron Casting
32:09 Fletching
32:22 Padded Archer Armor
32:38 Chain Mail Armor
33:22 Coinage
32:18 Elite Skirmisher
34:55 Blast Furnace
38:49 Plate Mail Armor
38:16 Bodkin Arrow
38:37 Leather Archer Armor
39:45 Atlatl
40:58 Bracer
42:34 Ballistics
43:14 Chemistry
42:01 Arrowslits
44:14 Elite Jaguar Warrior
46:22 Garland Wars
Connection lost

Rejoining the realm…

Still unreachable

The connection could not be restored.

Session expired

The server has moved on; the page needs a fresh start.